 Dungeon Crawl Stone Soup version 0.29-a0-830-gcb1280458a (webtiles) character file.

Game seed: 15212543012110478457

1656 Ijustatesigmund the Firebug (level 9, -1/72 HPs)
             Began as a Hill Orc Fire Elementalist on July 12, 2022.
             Killed from afar by Maggie (18 damage)
             ... with a bolt of fire
             ... on level 7 of the Dungeon.
             The game lasted 00:16:38 (9078 turns).

Ijustatesigmund the Firebug (HOFE)                  Turns: 9078, Time: 00:16:39

Health: -1/72      AC:  7    Str: 11    XL:     9   Next: 0%
Magic:  5/14       EV: 15    Int: 19    God:
Gold:   233        SH:  0    Dex: 11    Spells: 8/15 levels left

rFire   . . .      SeeInvis .   c - +0 war axe
rCold   . . .      Faith    .   (no shield)
rNeg    + . .      Spirit   .   a - +2 leather armour {rPois}
rPois   +          Reflect  .   k - +1 helmet
rElec   .          Harm     .   (no cloak)
rCorr   .          Rampage  .   (no gloves)
Will    .....                   (no boots)
Stlth   +.........              (no amulet)
HPRegen 0.22/turn               j - +4 ring of evasion
MPRegen 0.14/turn               v - ring of positive energy

@: mighty
A: no striking features
a: no special abilities


You were on level 7 of the Dungeon.
You visited 1 branch of the dungeon, and saw 7 of its levels.

You collected 233 gold pieces.

Inventory:

Hand Weapons
 c - a +0 war axe (weapon)
Armour
 a - a +2 leather armour of poison resistance (worn)
 k - a +1 helmet (worn)
 m - a +0 crystal plate armour
Magical Staves
 s - a staff of air
Jewellery
 j - a +4 ring of evasion (left hand)
 o - a ring of poison resistance
 v - a ring of positive energy (right hand)
 x - a ring of protection from fire
Wands
 w - a wand of flame (11)
Scrolls
 n - a scroll of fear
 q - 2 scrolls of teleportation
 t - a scroll of enchant weapon
 y - 2 scrolls of blinking
Potions
 b - 2 potions of magic
 e - a potion of invisibility
 f - 3 potions of lignification
 h - 3 potions of attraction
 i - a potion of brilliance
 l - 4 potions of curing
 p - a potion of resistance
 r - a potion of flight {unknown}
 z - a potion of cancellation {unknown}


   Skills:
 - Level 4.3 Fighting
 - Level 3.7 Axes
 - Level 4.0 Armour
 - Level 1.5 Dodging
 - Level 1.5 Stealth
 + Level 3.9 Spellcasting
 + Level 5.9 Conjurations
 + Level 6.3 Fire Magic


You had 8 spell levels left.
You knew the following spells:

 Your Spells              Type           Power      Damage    Failure   Level
a - Foxfire               Conj/Fire      100%       2x1d9     1%          1
b - Scorch                Fire           54%        2d7       1%          2
c - Flame Wave            Conj/Fire      27%        2d7       14%         4

Your spell library contained the following spells:

 Spells                   Type           Power      Damage    Failure   Level
 Conjure Flame            Conj/Fire      27%        6-21      4%          3
 Inner Flame              Hex/Fire       15%        N/A       14%         3
 Sticky Flame             Conj/Fire      27%        2d5       14%         4
 Necrotise                Necr           12%        1d4       19%         1
 Slow                     Hex            12%        N/A       19%         1
 Ignite Poison            Fire/Tmut/Pois 11%        N/A       22%         3
 Confusing Touch          Hex            3%         N/A       47%         3
 Ozocubu's Armour         Ice            3%         N/A       47%         3
 Vampiric Draining        Necr           3%         2d6       47%         3
 Agony                    Necr           3%         N/A       99%         5
 Ozocubu's Refrigeration  Ice            1%         4d5       100%        7


Dungeon Overview and Level Annotations

Branches:
Dungeon (7/15)
 Temple: D:4-7

Altars:

Shops:
D:1 (*?(

Annotations:
D:7 Maggie


Message History

The bolt of fire misses you.
Maggie hits you with a +2 war axe of flaming!
Maggie burns you.
You feel much better. Maggie barely misses you.
You feel very mighty all of a sudden. Maggie closely misses you.
You slash Maggie!
Maggie is heavily wounded.
Maggie hits you with a +2 war axe of flaming.
Maggie burns you.
You closely miss Maggie.
Maggie is heavily wounded.
Maggie hits you but does no damage.
You closely miss Maggie.
Maggie is heavily wounded.
Maggie barely misses you.
You barely miss Maggie.
Maggie is heavily wounded.
Maggie hits you with a +2 war axe of flaming!
Maggie burns you. Maggie closely misses you.
Casting: Scorch (safe; 1% risk of failure)
Confirm with . or Enter, or press ? or * to list all spells.
Flames lash Maggie.
Maggie is burned terribly!
Maggie is severely wounded.
Maggie barely misses you.
You break out of your daze.
Maggie gestures at you while chanting. The bolt of fire hits you!!
* * * LOW HITPOINT WARNING * * *
You closely miss Maggie.
Maggie is severely wounded.
You hear the slow hiss of a very distant avalanche of sand.
Maggie mumbles some strange words.
Maggie attempts to bespell you! You resist.
You slash Maggie!
Maggie is almost dead.
Maggie says, "Fear not.
I will immortalize you in the tale of my first kill."
Maggie casts a spell at you. The bolt of fire hits you!!
You die...

####.......#
..........## .#
..##.<....# ..
...#......# .#
...#.###### ##.
...#.## # #..
..##..#### #.#.#
.....#...# #.#@###.#
......##.# #..@....#
#.##..##.#######.#####
#.##..##.........#
#.....############
####.## #.# ..# ####


You could see Maggie (combustible).

Vanquished Creatures
  A water moccasin (D:4)
  An ice beast (D:7)
  2 ogres (D:5)
  A phantom (D:6)
  A necrophage (D:5)
  A gnoll sergeant (D:5)
  4 scorpions
  A howler monkey (D:5)
  3 orc priests
  7 hounds
  A jelly (D:6)
  5 iguanas
  Ijyb (D:3)
  6 orc wizards
  3 gnolls
  10 adders
  A shadow imp (D:6)
  An ufetubus (D:6)
  3 worms
  3 dart slugs
  7 orcs
  4 bats
  9 endoplasms
  2 giant cockroaches
  5 goblins
  9 hobgoblins
  4 jackals (D:3)
  4 ball pythons
  2 frilled lizards (D:2)
  5 kobolds
  6 rats
113 creatures vanquished.

Vanquished Creatures (others)
  An orc (D:3)
  211 foxfires
  A plant (D:7)
213 creatures vanquished.

Grand Total: 326 creatures vanquished

Notes
Turn   | Place    | Note
-------+----------+-------------------------------------------
     0 | D:1      | Ijustatesigmund the Hill Orc Fire Elementalist began the
                  | quest for the Orb.
     0 | D:1      | Reached XP level 1. HP: 14/14 MP: 3/3
    57 | D:1      | Found Zeumooli's Assorted Antiques.
    57 | D:1      | Found a faded altar of an unknown god.
   100 | D:1      | Found Joeneoc's Weapon Emporium.
   312 | D:1      | Reached XP level 2. HP: 20/20 MP: 2/4
   315 | D:1      | Learned a level 2 spell: Scorch
   334 | D:1      | Found Zemuqoawu's Magic Scroll Emporium.
   365 | D:1      | Found Xiliah's Weapon Shoppe.
   841 | D:2      | Reached skill level 1 in Axes
   852 | D:2      | Identified the +0 chain mail of the Big Bang {rElec rPois
                  | SInv Stlth-}
   895 | D:2      | Reached XP level 3. HP: 26/26 MP: 2/6
  1617 | D:2      | Reached skill level 4 in Fire Magic
  2121 | D:3      | Reached XP level 4. HP: 33/33 MP: 5/7
  2126 | D:3      | Learned a level 4 spell: Flame Wave
  2223 | D:3      | Reached XP level 5. HP: 8/38 MP: 1/8
  2597 | D:3      | Noticed Ijyb
  2614 | D:3      | Killed Ijyb
  2643 | D:3      | Identified the +1 ring mail of the Barber Surgeon {rF+
                  | Str+4}
  3099 | D:3      | Reached skill level 1 in Fighting
  3099 | D:3      | Reached XP level 6. HP: 44/47 MP: 4/9
  3250 | D:3      | Reached skill level 1 in Armour
  3517 | D:4      | Noticed a water moccasin
  3527 | D:4      | Killed a water moccasin
  4480 | D:4      | Reached XP level 7. HP: 50/57 MP: 10/10
  5091 | D:5      | Entered Level 5 of the Dungeon
  6186 | D:5      | Reached XP level 8. HP: 31/67 MP: 2/12
  7002 | D:5      | Reached skill level 5 in Fire Magic
  7397 | D:6      | Reached skill level 5 in Conjurations
  8535 | D:6      | Reached skill level 6 in Fire Magic
  9011 | D:7      | Reached XP level 9. HP: 53/72 MP: 3/14
  9058 | D:7      | Noticed Maggie
  9078 | D:7      | Killed from afar by Maggie

Illustrated notes

Levels and vault maps discovered:
D:1:      erik_arrival_blinker_ship, layout_basic, serial_shops,
          nicolae_shop_stone, shop, nicolae_shop_crystal, shop,
          hellmonk_ecumenical_altar_pennies_from_heaven, minivault_19
D:2:      minmay_evil_eye, layout_rooms
D:3:      layout_basic, grunt_ministairs_14, minivault_25, uniq_ijyb
D:4:      kennysheep_six_static_rooms, layout_loops_ring
D:5:      layout_basic
D:6:      layout_basic, corexii_item_surrounded_by_moat
D:7:      layout_loops_cross, regret_index_temple_of_mockery,
          ashenzari_conservatory_becter, minmay_temple_entry_overgrown,
          enter_ossuary_1, serial_bayou_pond_e, minmay_hedge_maze,
          chequers_garden, uniq_prince_ribbit1, uniq_maggie

Skill      XL: |  1  2  3  4  5  6  7  8 |
---------------+-------------------------+-----
Axes           | 1 2 3 |  3.7
Spellcasting   | 2 3 |  3.9
Fire Magic     | 4 6 |  6.3
Conjurations   | 3 4 5 |  5.9
Fighting       | 1 3 4 |  4.3
Armour         | 3 4 |  4.0
Dodging        | |  1.5
Stealth        | |  1.5

Action                   |  1- 3 |  4- 6 |  7- 9 || total
-------------------------+-------+-------+-------++-------
Melee: Hand axe          |     3 |    10 |       ||    13
       War axe           |       |    40 |    78 ||   118
       Punch             |       |     1 |       ||     1
 Cast: Foxfire           |    56 |    31 |    31 ||   118
       Scorch            |     3 |    25 |    73 ||   101
Evoke: Wand              |       |     2 |     2 ||     4
  Use: Scroll            |    12 |     2 |     4 ||    18
       Potion            |       |     4 |     6 ||    10
 Stab: Sleeping          |     1 |     1 |     1 ||     3
Armor: Robe              |     1 |     7 |       ||     8
       Leather armour    |       |    15 |    47 ||    62
Dodge: Dodged            |    11 |   113 |   146 ||   270

Table legend: (Time is in decaauts)
 A = Elapsed time spent in this place.
 B = Non-inter-level travel time spent in this place.
 C = Inter-level travel time spent in this place.
 D = Time resting spent in this place.
 E = Time spent auto-exploring this place.
 F = Levels seen in this place.
 G = Mean time per level.
                   A        B        C        D        E       F      G
               +--------+--------+--------+--------+--------+-----+--------+
         Total |   9120 |   8945 |    175 |   2932 |   4783 |   7 | 1302.9 |
       Dungeon |   9120 |   8945 |    175 |   2932 |   4783 |   7 | 1302.9 |
               +--------+--------+--------+--------+--------+-----+--------+

Top non-repeatable levels by time:
     D:5: 2567 daAuts
     D:3: 1642 daAuts
     D:4: 1588 daAuts
     D:6: 1289 daAuts
     D:2: 1109 daAuts
     D:1: 772 daAuts
     D:7: 152 daAuts
